 Dungeon Crawl Stone Soup version 0.21-a0-85-ga0cb861 (webtiles) character file.

98 nikopol the Conjurer (level 4, -2/24 HPs)
             Began as a Deep Elf Conjurer on June 25, 2017.
             Killed from afar by Natasha (7 damage)
             ... with a wand of flame (?/48)
             ... on level 2 of the Dungeon.
             The game lasted 00:04:46 (1584 turns).

nikopol the Conjurer (Deep Elf Conjurer)            Turns: 1584, Time: 00:04:47

Health: -2/24      AC:  2    Str:  5    XL:     4   Next: 43%
Magic:  4/11       EV: 13    Int: 21    God:
Gold:   110        SH:  0    Dex: 15    Spells: 7/10 levels left

rFire    . . .     SeeInvis +   j - +2 short sword (venom)
rCold    . . .     Gourm    .   (no shield)
rNeg     . . .     Faith    .   a - +0 robe
rPois    .         Spirit   .   (no helmet)
rElec    .         Reflect  .   (no cloak)
rCorr    .         Harm     .   (no gloves)
MR       .....     Rnd*Tele +   (no boots)
Stlth    ++........             (no amulet)
HPRegen  0.08/turn              d - ring of teleportation (curse)
MPRegen  0.12/turn              n - ring of see invisible

@: no status effects
A: no striking features
a: no special abilities


You were on level 2 of the Dungeon.
You were not hungry.

You visited 1 branch of the dungeon, and saw 2 of its levels.

You collected 110 gold pieces.

Inventory:

Hand Weapons
 f - a +0 short sword
 j - a +2 short sword of venom (weapon)
Armour
 a - a +0 robe (worn)
Jewellery
 d - a cursed ring of teleportation (left hand)
 n - a ring of see invisible (right hand)
Scrolls
 e - a scroll of fog {unknown}
 h - 2 scrolls of teleportation {unknown}
 k - a scroll of noise {unknown}
 q - a scroll of fear {unknown}
 r - a scroll of identify {unknown}
Potions
 i - a potion of flight {unknown}
 l - a potion of heal wounds {unknown}
 m - a potion of berserk rage {unknown}
 p - a potion of degeneration {unknown}
 s - 2 potions of haste {unknown}
 t - a potion of agility {unknown}
 u - 2 potions of curing {unknown}
Books
 b - a book of Conjurations

   Spells                             Type                      Level
   a - Magic Dart                     Conjuration                  1
   b - Searing Ray                    Conjuration                  2
   c - Dazzling Spray                 Conjuration/Hexes            3
   d - Fulminant Prism                Conjuration/Hexes            4
   e - Force Lance                    Conjuration/Translocation    4
   f - Iskenderun's Mystic Blast      Conjuration                  4
Comestibles
 c - 2 bread rations
 g - 2 royal jellies


   Skills:
 + Level 2.8 Dodging
 + Level 3.2 Stealth
 + Level 3.7 Spellcasting
 + Level 5.7 Conjurations


You had 7 spell levels left.
You knew the following spells:

 Your Spells              Type           Power        Failure   Level  Hunger
a - Magic Dart            Conj           ####         1%          1    None
b - Searing Ray           Conj           ####..       1%          2    ##.....


Dungeon Overview and Level Annotations

Branches:
Dungeon (2/15)

Altars:

Annotations:
D:2 Natasha


Message History

Confirm with . or Enter, or press ? or * to list all spells.
Aiming: Searing Ray
Press: ? - help, Shift-Dir - straight line, f/p - Natasha
Aim: Natasha (moderately wounded)
The searing ray hits Natasha.
Natasha is moderately wounded. (Press . to maintain the ray.)
The white imp gestures at you. The puff of frost hits you!
The searing ray hits Natasha.
Natasha is heavily wounded.
Natasha zaps a wand.
The puff of flame hits you!
It is a wand of flame (?/48) {zapped: 3}.
The white imp gestures at you. The puff of frost hits you!
* * * LOW HITPOINT WARNING * * *
The searing ray hits Natasha.
Natasha is almost dead.
Natasha zaps a wand.
The puff of flame hits you!
You die...

######### ######.......#
#......# #.# #####
##.###..#####.####...#
##..#.@...............#
##..#..#..#####.####...#
##.##..##.h#####.# ##.##
#.##..)...5......# #.#
##>#.#.########### ##.##
##...## ####### #...#
###.#### #.....# ##.##
#......# #.....# #.#
#.#.##.# #.....# #.#


You could see Natasha and a white imp.

Vanquished Creatures
  Natasha (twice) (D:2)
  An ooze (D:2)
  2 dart slugs
  5 bats (D:1)
  3 giant cockroaches (D:1)
  3 goblins
  A hobgoblin (D:1)
  4 jackals (D:2)
  A quokka (D:2)
  2 ball pythons
  3 frilled lizards
  6 kobolds
  6 rats
39 creatures vanquished.

Notes
Turn   | Place    | Note
-------+----------+-------------------------------------------
     0 | D:1      | nikopol the Deep Elf Conjurer began the quest for the Orb.
     0 | D:1      | Reached XP level 1. HP: 10/10 MP: 6/6
   148 | D:1      | Reached XP level 2. HP: 14/15 MP: 1/8
   582 | D:1      | Reached skill level 5 in Conjurations
   851 | D:2      | Reached XP level 3. HP: 19/19 MP: 2/9
  1181 | D:2      | Noticed Natasha
  1184 | D:2      | Killed Natasha
  1348 | D:2      | Reached XP level 4. HP: 24/24 MP: 8/11
  1377 | D:2      | Noticed Natasha
  1381 | D:2      | Killed Natasha
  1385 | D:2      | Learned a level 2 spell: Searing Ray
  1575 | D:2      | Noticed Natasha
  1584 | D:2      | Killed from afar by Natasha

Vault maps used:
D:1:      minmay_arrival_four_circles
D:2:      minmay_misc_feat_rugged, uniq_natasha

Skill      XL: |  1  2  3 |
---------------+----------+-----
Conjurations   | 5 |  5.7
Stealth        | 3 |  3.2
Dodging        | |  2.8
Spellcasting   | |  3.7

Action                   |  1- 3 |  4- 6 || total
-------------------------+-------+-------++-------
 Cast: Magic Dart        |    60 |    11 ||    71
       Searing Ray       |       |     1 ||     1
  Eat: Chunk             |     1 |     1 ||     2
Armor: Robe              |     1 |       ||     1
Dodge: Dodged            |     2 |     1 ||     3
